 Dungeon Crawl Stone Soup version 0.26-a0-639-g72c4674329 (webtiles) character file.

Game seed: 6924507593694458280

9 Colgate the Covert (level 2, 0/29 HPs)
             Began as a Gnoll Delver on Sept 15, 2020.
             Slain by a phantom (9 damage)
             ... on level 5 of the Dungeon.
             The game lasted 00:02:18 (218 turns).

Colgate the Covert (Gnoll Delver)                    Turns: 218, Time: 00:02:19

Health: 0/29       AC:  7    Str: 14    XL:     2   Next: 12%
Magic:  2/2        EV: 14    Int: 12    God:
Gold:   14         SH:  0    Dex: 19    Spells: 1/1 levels left

rFire    . . .     SeeInvis .     - Unarmed
rCold    . . .     Faith    .   (no shield)
rNeg     . . .     Spirit   .   a - +0 leather armour
rPois    .         Reflect  .   (no helmet)
rElec    .         Harm     .   g - +3 cloak of Summertime {-Cast Dex+3 Stlth+}
rCorr    .         Rampage  .   (no gloves)
MR       .....     NoCast   +   (no boots)
Stlth    ++++......             (no amulet)
HPRegen  0.09/turn              h - ring of attention (curse)
MPRegen  0.08/turn              (no ring)

@: hasted, very quick
A: distributed training, fangs 1, strong nose
a: no special abilities


You were on level 5 of the Dungeon.
You visited 1 branch of the dungeon, and saw 1 of its levels.

You collected 14 gold pieces.

Inventory:

Armour
 a - a +0 leather armour (worn)
 g - the +3 cloak of Summertime (worn) {-Cast Dex+3 Stlth+}
   (You found it on level 5 of the Dungeon)

   It affects your dexterity (+3).
   It prevents spellcasting.
   It makes you more stealthy.
Jewellery
 h - a cursed ring of attention (left hand)
Wands
 f - a wand of digging (3)
Scrolls
 b - a scroll of fog
 c - a scroll of magic mapping
 d - a scroll of fear


   Skills:
 + Level 6.4 Fighting
 + Level 0.3 Short Blades
 + Level 0.3 Long Blades
 + Level 0.3 Axes
 + Level 0.3 Maces & Flails
 + Level 0.3 Polearms
 + Level 0.3 Staves
 + Level 0.3 Slings
 + Level 0.3 Bows
 + Level 0.3 Crossbows
 + Level 0.3 Throwing
 + Level 0.3 Armour
 + Level 4.4 Dodging
 + Level 9.5 Stealth
 + Level 0.3 Shields
 + Level 4.4 Unarmed Combat
 + Level 0.3 Spellcasting
 + Level 0.2 Conjurations
 + Level 0.2 Hexes
 + Level 0.2 Summonings
 + Level 0.2 Necromancy
 + Level 0.2 Translocations
 + Level 0.2 Transmutations
 + Level 0.2 Fire Magic
 + Level 0.2 Ice Magic
 + Level 0.2 Air Magic
 + Level 0.2 Earth Magic
 + Level 0.2 Poison Magic
 + Level 0.4 Invocations
 + Level 0.3 Evocations


You had one spell level left.
You didn't know any spells.
Your spell library was empty.

Dungeon Overview and Level Annotations

Branches:
Dungeon (5/15)
 Temple: D:4-7

Altars:


Innate Abilities, Weirdness & Mutations

Your experience applies equally to all skills.
You have very sharp teeth.
Your uncanny sense of smell can sniff out nearby items.


Message History

The phantom is severely damaged.
The phantom blinks!
The phantom blinks!
You feel yourself speed up.
You barely miss the phantom.
You punch the phantom, but do no damage.
The phantom is severely damaged.
The phantom misses you.
You hit the phantom. You bite the phantom, but do no damage.
The phantom is severely damaged.
The phantom blinks!
You hit the phantom but do no damage.
The phantom is severely damaged.
The phantom hits you.
You miss the phantom.
The phantom is severely damaged.
You miss the phantom.
The phantom is severely damaged.
The phantom hits you!
You die...

#.##..#....####
###.##..##......#
#........#......#
#........+......#
#...##...#......+
#...##...#......#
#...##...#......#
#........#......#######
#+####...'..@..........
#...#.W...........
#####.............
#.............
#..........###
#..........#
#..........#
#..........#
#..........#


You could see a phantom.

Vanquished Creatures
  An adder (D:5)
1 creature vanquished.

Notes
Turn   | Place    | Note
-------+----------+-------------------------------------------
     0 | D:5      | Reached skill level 9 in Stealth
     0 | D:5      | Colgate the Gnoll Delver began the quest for the Orb.
     0 | D:5      | Reached XP level 1. HP: 23/23 MP: 1/1
     7 | D:5      | Got a crude cloak
    12 | D:5      | Identified the +3 cloak of Summertime {-Cast Dex+3 Stlth+}
                  | (You found it on level 5 of the Dungeon)
    20 | D:5      | Noticed a phantom
    30 | D:5      | Reached XP level 2. HP: 24/29 MP: 2/2
   218 | D:5      | Slain by a phantom

Illustrated notes

Levels and vault maps discovered:
D:5:      layout_gridville, lemuel_crystal_altar, uniq_crazy_yiuf_cottage,
          uniq_menkaure

Skill      XL: | |
---------------+-+-----
Stealth        | |  9.5
Fighting       | |  6.4
Short Blades   | |  0.3
Long Blades    | |  0.3
Axes           | |  0.3
Maces & Flails | |  0.3
Polearms       | |  0.3
Staves         | |  0.3
Slings         | |  0.3
Bows           | |  0.3
Crossbows      | |  0.3
Throwing       | |  0.3
Armour         | |  0.3
Dodging        | |  4.4
Shields        | |  0.3
Unarmed Combat | |  4.4
Spellcasting   | |  0.3
Conjurations   | |  0.2
Hexes          | |  0.2
Summonings     | |  0.2
Necromancy     | |  0.2
Translocations | |  0.2
Transmutations | |  0.2
Fire Magic     | |  0.2
Ice Magic      | |  0.2
Air Magic      | |  0.2
Earth Magic    | |  0.2
Poison Magic   | |  0.2
Invocations    | |  0.4
Evocations     | |  0.3

Action                   || total
-------------------------++-------
Melee: Unarmed           ||    28
       Punch             ||     1
       Bite              ||     1
  Use: Potion            ||     1
Armor: Leather armour    ||     8
Dodge: Dodged            ||     5

Table legend: (Time is in decaauts)
 A = Elapsed time spent in this place.
 B = Non-inter-level travel time spent in this place.
 C = Inter-level travel time spent in this place.
 D = Time resting spent in this place.
 E = Time spent auto-exploring this place.
 F = Levels seen in this place.
 G = Mean time per level.
                   A        B        C        D        E       F      G
               +--------+--------+--------+--------+--------+-----+--------+
         Total |    213 |    213 |      0 |      0 |    143 |   1 |  213.0 |
       Dungeon |    213 |    213 |      0 |      0 |    143 |   1 |  213.0 |
               +--------+--------+--------+--------+--------+-----+--------+

Top non-repeatable levels by time:
     D:5: 213 daAuts
